[Event "AUT Bundesliga 2024-25"]
[Site "Austria"]
[Date "2025.04.04"]
[Round "9.13"]
[White "Dragnev, Valentin"]
[Black "Nisipeanu, Liviu-Dieter"]
[Result "1/2-1/2"]
[Annotator "TA"]
[ECO "C56"]
[WhiteElo "2538"]
[BlackElo "2579"]
[PlyCount "115"]
[EventDate "2024.08.28"]
[EventType "team-tourn"]
[EventCountry "AUT"]
[SourceTitle "playchess.com"]
[Source "ChessBase"]
[SourceQuality "1"]
[TimeControl "40/5400+30:1800+30"]

1. e4 e5 2. Nf3 Nc6 3. Bc4 d6 4. d4 Nf6 5. Nc3 Bg4 6. d5 {[%emt 0:00:44] [#] C56: Two Knights: 4 d4 exd4 5 0-0 Nxe4.} Nd4 7. Qd3 (7. h3 Bxf3) 7... Bxf3 8. gxf3 c6 $146 {[%emt 0:00:06] Prevents Nb5} (8... a6 $11) (8... Nd7 9. Be3 Nxf3+ 10. Kd1 Qf6 11. Ne2 a6 12. b4 Be7 13. c3 h5 14. h3 h4 {0-1 Sanchez Alfaro,P-Galarreta Garcia,J Alfaro op 16th 2010 (4)}) 9. dxc6 $14 bxc6 10. Ne2 (10. Bd2 $14) 10... d5 $11 11. exd5 cxd5 12. Bb3 Bc5 (12... Nxb3 $15 13. axb3 Bc5) 13. Nxd4 $14 Bxd4 14. c3 (14. Rg1 {seems wilder.} O-O 15. c3 Bc5 16. Bh6) 14... Bb6 15. Ba4+ (15. Rg1 $16) 15... Kf8 16. Bg5 h6 17. Bh4 g5 18. Bg3 e4 19. Qc2 d4 20. O-O-O Qd5 (20... exf3 $2 21. Qf5 Kg7 22. Be5 $18 (22. Qxf3 g4 $11)) 21. c4 Qe6 22. fxe4 Rc8 23. Bb3 {[%emt 0:03:07] This pair of bishops is nice.} Kg7 (23... Qxe4 $142 24. Qxe4 (24. Rhe1 Qxc2+ 25. Bxc2 Rxc4 $11) 24... Nxe4) 24. Rhe1 Rhd8 25. Kb1 Nh5 {[%emt 0:00:35] [#]} (25... Nd7 $16) 26. f4 $1 $18 Nxf4 (26... d3 27. Rxd3) 27. Bxf4 gxf4 28. c5 $1 Qh3 (28... Rxc5 {was necessary.} 29. Bxe6 Rxc2) 29. Qc4 $2 (29. Qd2 $18 {Hoping for Rg1+.} Bc7 30. e5 Qf5+ 31. Bc2) 29... Qh5 $14 30. Rg1+ {[%emt 0:01:00] White attacks} (30. Rxd4 Rxc5 31. Qd3 (31. Rg1+ $2 Kh7 $19) 31... Rc1+ 32. Rxc1 Rxd4 $17 (32... Bxd4 33. Rc7 $11)) 30... Kh7 31. Qd3 (31. Qxf7+ Qxf7 32. Bxf7 Rxc5 $14) (31. Rxd4 $2 Rxc5 32. Qf1 Rxd4 $19) 31... Rxc5 32. e5+ $1 Kh8 33. Bc2 Rxc2 34. Kxc2 $40 {[%emt 0:00:13][%mdl 128] White attacks.} Qxe5 35. Rde1 {[%emt 0:01:14] The board is on fire.} Qf6 36. Kb1 Rg8 (36... f3 $2 37. Ref1 $18) (36... Bc7 $16) 37. Rxg8+ $18 Kxg8 {[%emt 0:00:11][%mdl 4096] Endgame KQR-KQB} 38. Rg1+ Kf8 39. Qa3+ $1 {[%emt 0:00:59][%mdl 1024] White has strong compensation.} Ke8 40. Qa4+ Ke7 41. Re1+ $1 Kd6 (41... Kf8 $2 42. Qe8+ Kg7 43. Rg1+ $18) 42. Qb4+ Kd7 43. Qb5+ Kd6 44. a4 $1 {[%emt 0:06:41] White has more active pieces.} Qg5 45. Qd3 Qg6 46. Kc2 (46. Re4 $2 Kd5 47. Ka1 Qxe4 $19) 46... Qg2+ {[%emt 0:01:04] [#]} 47. Kb1 (47. Kc1 $142 $1) 47... Qg6 $1 $16 {[%emt 0:00:13] [#] Wards off Qf5} (47... Qxh2 $2 48. Qf5 Qh4 49. Qe5+ Kc6 50. Qe4+ Kc7 51. a5 $18 (51. Rf1 Qh5 $18)) 48. Qxg6+ (48. Re4 $2 Kd5 49. Ka2 Qxe4 $19) 48... fxg6 {[%emt 0:00:05] KR-KB} 49. Kc2 g5 50. Kd3 f3 51. Re8 ({White should try} 51. h3 $14) 51... g4 {[%emt 0:04:51] And now ...Bc7 would win. The position is equal.} 52. b4 Kd7 53. Rh8 Bc7 54. Rh7+ (54. Rxh6 Bxh2 55. Rh4 (55. Rxh2 $2 g3 $19) 55... g3 56. Rxd4+ Ke6 $19) (54. Kxd4 $2 f2 55. Rf8 (55. Rxh6 $2 f1=Q $19) 55... Bxh2 56. Rf7+ (56. Rxf2 $2 Bg1 $19) 56... Ke6 57. Rxf2 Bg1 $19) 54... Kc8 55. Rh8+ (55. Kxd4 $2 f2 (55... Bxh2 $2 56. Rh8+ Kd7 57. Ke3 $19) 56. Rh8+ (56. Rxh6 $2 f1=Q $19) 56... Kd7 $19) (55. Rxh6 $2 Bxh2 56. Rh8+ (56. Rxh2 $2 g3 $19) 56... Kd7 $19) 55... Kd7 56. Rh7+ (56. Rxh6 $2 Bxh2 57. Rxh2 g3 58. Rh7+ Ke6 59. Rxa7 g2 $19) (56. Kxd4 f2 57. Rf8 (57. Rxh6 $2 f1=Q $19) 57... Bxh2 58. Rf7+ (58. Rxf2 $2 Bg1 $19) 58... Ke6 59. Rxf2 Bg1 $19) 56... Kc8 57. Rh8+ (57. Kxd4 $2 f2 (57... Bxh2 $2 58. Ke3 $19) 58. Rh8+ (58. Rxh6 $2 f1=Q $19) 58... Kd7 $19) 57... Kd7 58. Rh7+ {[%emt 0:00:30] Black defended with fortune.   Weighted Error Value: White=0.18 (very precise) /Black=0.20 (precise)   Missed win:     	White=1     	---        Mistake:       	White=4     	Black=6      Inaccurate:     	White=2     	Black=5      OK:         	White=25    	Black=12     Best:        	White=3     	Black=9      Strong:       	White=3     	Black=1      Brilliant:      	---       	Black=1} (58. Rxh6 $2 Bxh2 59. Rh4 (59. Rxh2 $2 {too greedy.} g3 $19) 59... g3 60. Rxd4+ Ke6 $19) (58. Kxd4 $2 f2 59. Rf8 (59. Rxh6 $2 f1=Q $19) 59... Bxh2 $19) 1/2-1/2

[Event "AUT Bundesliga 2024-25"]
[Site "Austria"]
[Date "2025.04.04"]
[Round "9.14"]
[White "Michalik, Peter"]
[Black "Banusz, Tamas"]
[Result "1/2-1/2"]
[Annotator "TA"]
[ECO "C42"]
[WhiteElo "2563"]
[BlackElo "2592"]
[PlyCount "87"]
[EventDate "2024.08.28"]
[EventType "team-tourn"]
[EventCountry "AUT"]
[SourceTitle "playchess.com"]
[Source "ChessBase"]
[SourceQuality "1"]
[TimeControl "40/5400+30:1800+30"]

1. e4 e5 2. Nf3 Nf6 3. Nxe5 d6 4. Nd3 Nxe4 5. Qe2 Qe7 $1 6. Nf4 {[%emt 0:00:00] C42: Petroff Defence: 3 Nxe5 and unusual White 3rd moves.} Nf6 {[%emt 0:01:36] Inhibits Nd5.} 7. d4 Qxe2+ 8. Bxe2 {[%emt 0:00:00] The position is equal.} Nc6 9. c3 Bf5 10. h4 h5 11. Nd2 g6 12. Nf1 Bh6 13. Ng3 Bd7 14. f3 Kf8 15. O-O $146 (15. Kf2 Kg7 16. Bd3 a5 17. a4 Ne7 18. Re1 Rhe8 19. b3 Rad8 20. Ne4 Nxe4+ 21. Bxe4 {½-½ Klimczak,J (2258)-Landers,J (2136) WZ-ch sf12 email 2019}) 15... Ne7 16. Bd3 Ned5 17. Nxd5 Nxd5 18. Bxh6+ Rxh6 19. Be4 Bc6 20. c4 Ne7 21. Bd3 Rh8 22. f4 f5 23. b4 Kg7 24. a4 a5 25. b5 Bd7 26. Be2 Rad8 27. Bf3 Bc8 28. Rfe1 {[%emt 0:00:00] White is slightly better.} Rhe8 29. Nf1 {[%emt 0:00:00][%cal Bg3f1,Bf1d2,Bd2b3,Bb3c1,Bc1d3,Bd3e5][%mdl 32] Space Advantage White} Ng8 {[%emt 0:02:18] [#]} 30. b6 $1 c6 (30... Rxe1 31. Rxe1) 31. Nd2 Bd7 32. Nb3 {[%emt 0:00:00] Threatens to win with Rxe8.} Rxe1+ 33. Rxe1 Ra8 34. c5 d5 35. Nc1 Nf6 36. Nd3 ({Don't take} 36. Re7+ Kf8 37. Re3 Ng4 $16) 36... Ne4 37. Ne5 Be6 38. Kf1 Kf6 39. Ke2 Nc3+ 40. Kd3 Ne4 41. Ke3 Rd8 42. Bd1 Ra8 43. Bc2 Rd8 44. Rc1 {[%emt 0:00:00] Weighted Error Value: White=0.02 (flawless) /Black=0.03 (flawless)   OK:         	White=20    	Black=20} 1/2-1/2

[Event "AUT Bundesliga 2024-25"]
[Site "Austria"]
[Date "2025.04.04"]
[Round "9.15"]
[White "Blohberger, Felix"]
[Black "Vogel, Roven"]
[Result "1/2-1/2"]
[Annotator "TA"]
[ECO "E04"]
[WhiteElo "2511"]
[BlackElo "2557"]
[PlyCount "62"]
[EventDate "2024.08.28"]
[EventType "team-tourn"]
[EventCountry "AUT"]
[SourceTitle "playchess.com"]
[Source "ChessBase"]
[SourceQuality "1"]
[TimeControl "40/5400+30:1800+30"]

1. d4 Nf6 2. Nf3 d5 3. c4 e6 4. g3 dxc4 5. Bg2 a6 6. O-O Nc6 7. Qd2 {[%emt 0:00:52] E04: Open Catalan: 5 Nf3.} Bd7 $5 {[%emt 0:01:12][%mdl 4] An interesting side line.} 8. Ne5 Nxe5 9. dxe5 Nd5 10. Rd1 $146 (10. Nc3 $11) (10. Bxd5 exd5 11. Qxd5 Be6 12. Qf3 Qd5 13. Qxd5 Bxd5 14. Nc3 Bc6 15. Rd1 Rd8 16. Bg5 {½-½ Sumets,A (2547)-Mastrovasilis,D (2597) Rubinstein Memorial 58th 2022 (2)}) 10... Ba4 $15 {[%emt 0:05:25] [#] ...Bb4 would now be deadly.} 11. Rf1 Bc5 $1 {[%emt 0:08:19] Repels Qd4} 12. Nc3 Bc6 13. Rd1 Nxc3 14. Bxc6+ bxc6 15. Qxd8+ Rxd8 16. Rxd8+ Kxd8 17. bxc3 $17 {[%emt 0:00:02][%mdl 4096] Endgame KRB-KRB. Black is a pawn up.} Kc8 18. Bf4 Rd8 19. a4 Rd5 20. h4 Bb6 21. Kg2 Ba5 22. Rc1 Kd7 23. Kf3 c5 24. h5 h6 (24... Kc6 $15) 25. g4 $11 Kc6 26. Ke4 Rd8 27. Rc2 ({Better is} 27. f3 $11) 27... Rd1 $15 28. Bc1 Rd8 (28... Rh1 $15) 29. Be3 (29. g5 $2 hxg5 30. Kf3 Rd5 31. Bxg5 Rxe5 $19) 29... Rd1 (29... Rg8 $11) 30. Bc1 $1 Rd8 31. Be3 ({Not} 31. g5 $2 hxg5 32. Kf3 Rd5 33. Bxg5 Rxe5 $19) 31... Rd1 {[%emt 0:00:03] Weighted Error Value: White=0.12 (very precise) /Black=0.12 (very precise)   Mistake:       	White=2     	Black=3      Inaccurate:     	White=1     	Black=2      OK:         	White=12    	Black=8      Best:        	---       	Black=1      Strong:       	White=1     	Black=1} 1/2-1/2

[Event "AUT Bundesliga 2024-25"]
[Site "Austria"]
[Date "2025.04.04"]
[Round "9.16"]
[White "Votava, Jan"]
[Black "Peyrer, Konstantin"]
[Result "0-1"]
[Annotator "RC"]
[ECO "E11"]
[WhiteElo "2455"]
[BlackElo "2451"]
[PlyCount "88"]
[EventDate "2024.08.28"]
[EventType "team-tourn"]
[EventCountry "AUT"]
[SourceTitle "playchess.com"]
[Source "ChessBase"]
[SourceQuality "1"]
[TimeControl "40/5400+30:1800+30"]

1. d4 Nf6 2. c4 e6 3. Nf3 d5 4. g3 Bb4+ 5. Bd2 a5 6. Bg2 O-O 7. Qc2 c5 8. cxd5 cxd4 9. Nxd4 exd5 10. Bxb4 axb4 11. Nd2 Qb6 12. N2b3 Nc6 13. Nxc6 bxc6 14. O-O Ba6 15. Rfc1 Bc4 16. e3 Nd7 17. Nd2 Bb5 18. Nf3 Rfe8 19. Qd2 Ba6 20. Qd4 Rab8 21. Qxb6 Rxb6 22. Bh3 Nf6 23. Nd4 Bc8 24. Bg2 Bd7 25. a4 bxa3 26. bxa3 Ra8 27. h3 Kf8 28. g4 h6 29. Rc3 Ke7 30. Nb3 Kd6 31. Nc5 Ra5 32. Rac1 Be6 33. f4 Nd7 34. Nd3 f5 35. gxf5 Bxf5 36. Nb4 Rc5 37. Kf2 Rxc3 38. Rxc3 Nf6 39. Ke2 c5 40. Nd3 Be4 41. Bf3 Rb1 42. Kf2 c4 43. Ne5 Rb2+ 44. Kg3 Rb3 0-1

[Event "AUT Bundesliga 2024-25"]
[Site "Austria"]
[Date "2025.04.04"]
[Round "9.17"]
[White "Froewis, Georg"]
[Black "Maiwald, Jens-Uwe"]
[Result "1-0"]
[Annotator "RC"]
[ECO "A17"]
[WhiteElo "2429"]
[BlackElo "2423"]
[PlyCount "55"]
[EventDate "2024.08.28"]
[EventType "team-tourn"]
[EventCountry "AUT"]
[SourceTitle "playchess.com"]
[Source "ChessBase"]
[SourceQuality "1"]
[TimeControl "40/5400+30:1800+30"]

1. Nf3 Nf6 2. c4 e6 3. Nc3 Bb4 4. g4 h6 5. Rg1 Nc6 6. h4 d5 7. g5 hxg5 8. hxg5 Ne4 9. Qc2 Nd6 10. a3 Bxc3 11. Qxc3 Nf5 12. b4 d4 13. Qd3 a5 14. b5 Nce7 15. e4 Nh4 16. Rh1 Nxf3+ 17. Qxf3 Rxh1 18. Qxh1 Ng6 19. d3 Qd6 20. f4 Nxf4 21. Qh8+ Ke7 22. Ra2 e5 23. Qxg7 Nh5 24. Qh8 Nf4 25. Rh2 Ng6 26. Qg7 Bg4 27. Rf2 Be6 28. Rf6 1-0

[Event "AUT Bundesliga 2024-25"]
[Site "Austria"]
[Date "2025.04.04"]
[Round "9.18"]
[White "Platzgummer, Fabian"]
[Black "Balint, Peter"]
[Result "1-0"]
[Annotator "RC"]
[ECO "D79"]
[WhiteElo "2294"]
[BlackElo "2366"]
[PlyCount "161"]
[EventDate "2024.08.28"]
[EventType "team-tourn"]
[EventCountry "AUT"]
[SourceTitle "playchess.com"]
[Source "ChessBase"]
[SourceQuality "1"]
[TimeControl "40/5400+30:1800+30"]

1. Nf3 Nf6 2. g3 g6 3. Bg2 Bg7 4. d4 d5 5. c4 c6 6. cxd5 cxd5 7. Nc3 Nc6 8. O-O O-O 9. Ne5 Bf5 10. h3 Ne4 11. Nxc6 bxc6 12. g4 Nxc3 13. bxc3 Be6 14. f4 f5 15. g5 Qa5 16. Qb3 Rfb8 17. Qa3 Qc7 18. Be3 Rb5 19. Rfb1 Rab8 20. Rb3 Bc8 21. Rab1 e6 22. Qc1 Ba6 23. Qc2 R5b6 24. Bf1 Bc4 25. R3b2 Qb7 26. Bc1 Qa6 27. Rxb6 axb6 28. Ra1 Bf8 29. h4 h5 30. gxh6 Bxh6 31. Qd2 Kf7 32. a4 Ra8 33. Ba3 b5 34. axb5 Qxb5 35. Qc1 Bxe2 36. Bd6 Rd8 37. Ra7+ Kg8 38. Be7 Bxf1 39. Bxd8 Bd3 40. Bg5 Bf8 41. Ra8 Kf7 42. Qa1 Qb1+ 43. Qxb1 Bxb1 44. Rc8 Bd3 45. Rxc6 Bc4 46. Kf2 Ba3 47. Ke1 Bf8 48. Kd2 Bf1 49. Rc7+ Ke8 50. Kc2 Bc4 51. Ra7 Bb5 52. Rh7 Bd7 53. Kb3 Bb5 54. Bf6 Bc6 55. Kc2 Bb5 56. Kd2 Bc4 57. Be5 Be7 58. Bc7 Kf8 59. Bb6 Bf6 60. h5 gxh5 61. Rxh5 Kf7 62. Rh7+ Ke8 63. Bc5 Bb5 64. Bd6 Kd8 65. Rh6 Kd7 66. Rxf6 Kxd6 67. Rf7 Be8 68. Ra7 Bb5 69. Ke3 Bc4 70. Kf3 Bd3 71. Kg3 Kc6 72. Re7 Kd6 73. Rh7 Kc6 74. Rh6 Kb5 75. Rxe6 Kc4 76. Rc6+ Kb3 77. Kf2 Bc4 78. Ke3 Kxc3 79. Re6 Bd3 80. Re5 Kc4 81. Rxd5 1-0

[Event "AUT Bundesliga 2024-25"]
[Site "Austria"]
[Date "2025.04.04"]
[Round "9.19"]
[White "Karthik Venkataraman"]
[Black "Kadric, Denis"]
[Result "1/2-1/2"]
[Annotator "TA"]
[ECO "C41"]
[WhiteElo "2565"]
[BlackElo "2533"]
[PlyCount "63"]
[EventDate "2024.08.28"]
[EventType "team-tourn"]
[EventCountry "AUT"]
[SourceTitle "playchess.com"]
[Source "ChessBase"]
[SourceQuality "1"]
[TimeControl "40/5400+30:1800+30"]

1. e4 d6 2. d4 Nf6 3. Nc3 e5 4. Nf3 Nbd7 5. Bc4 Be7 6. O-O O-O 7. Re1 {[%emt 0:00:08] 7.a4 is the hot move.} h6 {[%emt 0:03:31] C41: Philidor Defence.} 8. a4 Re8 9. a5 exd4 $146 {[%emt 0:02:13] White is slightly better.} (9... Bf8 10. a6 bxa6 11. Bxa6 Bxa6 12. Rxa6 exd4 13. Qxd4 Nc5 14. Ra1 a5 15. Bf4 Qb8 {1-0 Milosevic,G (2385)-Bosnjak,D (2326) BIH-chT Neum 2004 (7.5)}) 10. Nxd4 (10. Qxd4 {looks sharper.} Ng4 11. a6 Nb6 12. Bb5) 10... Bf8 11. a6 Ne5 {[%emt 0:02:38] Dodges h3} 12. Bb5 c6 13. axb7 Bxb7 14. Bf1 a5 15. h3 Qb6 16. Nf3 Ng6 17. b3 Rad8 18. Bb2 Qc7 19. Qd2 Ra8 20. Rad1 Qb8 21. Qc1 c5 22. Bb5 Re7 23. Nd2 (23. Bd3 $14 {was preferable.}) 23... Nxe4 $11 {[%emt 0:11:33] The position is equal.} 24. Ndxe4 (24. Ncxe4 Bxe4 25. c4 (25. Nxe4 Qxb5 26. Re3 Qb8 $15) 25... Bf5 $15) 24... Bxe4 25. Rxe4 ({But not} 25. Nxe4 Qxb5 26. Re3 Qb8 $15) 25... Rxe4 26. Nxe4 Qxb5 27. Nxd6 Qc6 28. Nf5 {[%emt 0:01:13] Against Nh4} a4 29. bxa4 $1 Qe4 30. Ng3 Qxa4 31. Qd2 Qc4 32. Qc3 {[%emt 0:01:13] Weighted Error Value: White=0.09 (flawless) /Black=0.06 (flawless)   Mistake:       	White=1     	---        Inaccurate:     	White=3     	Black=2      OK:         	White=5     	Black=7      Best:        	White=2     	Black=1      Strong:       	White=1     	---} 1/2-1/2

[Event "AUT Bundesliga 2024-25"]
[Site "Austria"]
[Date "2025.04.04"]
[Round "9.20"]
[White "Petrov, Nikita"]
[Black "Pajeken, Jakob Leon"]
[Result "0-1"]
[Annotator "RC"]
[ECO "A08"]
[WhiteElo "2567"]
[BlackElo "2435"]
[PlyCount "106"]
[EventDate "2024.08.28"]
[EventType "team-tourn"]
[EventCountry "AUT"]
[SourceTitle "playchess.com"]
[Source "ChessBase"]
[SourceQuality "1"]
[TimeControl "40/5400+30:1800+30"]

1. Nf3 d5 2. g3 Nf6 3. Bg2 c5 4. O-O g6 5. d3 Bg7 6. Nbd2 O-O 7. e4 Nc6 8. Re1 Qc7 9. exd5 Nxd5 10. Nb3 Bg4 11. h3 Bxf3 12. Qxf3 Rad8 13. c3 b6 14. Qe2 Rd7 15. Bd2 Rfd8 16. Rad1 h5 17. h4 e5 18. Bg5 f6 19. Bc1 Nde7 20. Bh3 Rd6 21. Na1 f5 22. Bg5 Qd7 23. Bf1 e4 24. Bxe7 Nxe7 25. f4 Nc6 26. Qg2 exd3 27. Nb3 c4 28. Nd2 b5 29. a4 a6 30. axb5 axb5 31. Ra1 Re8 32. Rxe8+ Qxe8 33. Ra6 Qd7 34. Qf2 Nd4 35. Ra8+ Kh7 36. Kh2 Nb3 37. Nxb3 cxb3 38. Ra7 Qd8 39. Qd2 Kh6 40. Ra3 Qg8 41. Ra1 Qc4 42. Rd1 b4 43. Bxd3 bxc3 44. Bxc4 Rxd2+ 45. Rxd2 c2 46. Bxb3 c1=Q 47. Rg2 Bxb2 48. Bd5 Bd4 49. Bf3 Qe1 50. Bd5 Be3 51. Bf7 Kg7 52. Bb3 Kf6 53. Bc4 Bxf4 0-1

[Event "AUT Bundesliga 2024-25"]
[Site "Austria"]
[Date "2025.04.04"]
[Round "9.21"]
[White "Janzelj, Tim"]
[Black "Erdos, Viktor"]
[Result "1/2-1/2"]
[Annotator "TA"]
[ECO "A03"]
[WhiteElo "2404"]
[BlackElo "2542"]
[PlyCount "62"]
[EventDate "2024.08.28"]
[EventType "team-tourn"]
[EventCountry "AUT"]
[SourceTitle "playchess.com"]
[Source "ChessBase"]
[SourceQuality "1"]
[TimeControl "40/5400+30:1800+30"]

1. f4 d5 2. Nf3 g6 3. d3 Nf6 4. Nbd2 Nc6 5. g3 $146 (5. c3 Qd6 6. g3 e5 7. fxe5 Nxe5 8. Nxe5 Qxe5 9. Nf3 Qe7 10. Bg2 Bg7 11. O-O O-O {1-0 Larsen,B-Aronin,L Moscow 1962}) 5... Bg7 6. Bg2 {[%emt 0:00:43] A03: Bird's Opening with 1...d5.} O-O 7. O-O {[%emt 0:01:52] [#]} e5 $1 8. fxe5 (8. Nxe5 Nxe5) 8... Ng4 9. Nb3 $1 Ngxe5 10. c3 Nxf3+ 11. exf3 a5 12. d4 b6 13. a4 Re8 14. Bf4 Ba6 15. Re1 Rxe1+ 16. Qxe1 Qd7 17. Bf1 Re8 18. Qf2 Bxf1 19. Qxf1 Nd8 20. Kf2 (20. Qb5 $11 Qxb5 21. axb5) 20... Ne6 $17 {[%emt 0:01:24] aiming for ...Nxf4.} 21. Be3 Bf8 22. Qb5 {[%emt 0:01:26] [#]} Qxb5 (22... c6 $1 $17 23. Qxb6 Bd6 24. Nxa5 (24. Qxa5 $2 {too greedy.} Qb7 $19) 24... Ng7 25. Nxc6 Qh3) 23. axb5 $11 {[%emt 0:00:01] The position is equal.} Bd6 24. Nc1 Rc8 25. Ke2 Kf8 26. b3 c6 27. bxc6 Rxc6 28. Kd3 Rc8 29. Ne2 Nc7 30. h4 Ke7 31. g4 Kd7 {[%emt 0:00:10] Weighted Error Value: White=0.10 (very precise) /Black=0.09 (flawless)   Mistake:       	White=1     	Black=1      Inaccurate:     	---       	Black=1      OK:         	White=9     	Black=12     Strong:       	White=1     	---} 1/2-1/2

[Event "AUT Bundesliga 2024-25"]
[Site "Austria"]
[Date "2025.04.04"]
[Round "9.22"]
[White "Sankalp Gupta"]
[Black "Sebenik, Matej"]
[Result "1-0"]
[Annotator "TA"]
[ECO "C42"]
[WhiteElo "2548"]
[BlackElo "2491"]
[PlyCount "73"]
[EventDate "2024.08.28"]
[EventType "team-tourn"]
[EventCountry "AUT"]
[SourceTitle "playchess.com"]
[Source "ChessBase"]
[SourceQuality "1"]
[TimeControl "40/5400+30:1800+30"]

1. e4 e5 2. Nf3 Nf6 3. Nxe5 d6 4. Nf3 Nxe4 5. Nc3 Nxc3 6. dxc3 Be7 7. Be3 Nd7 8. Qd2 {[%emt 0:00:00] C42: Petroff Defence: 3 Nxe5 and unusual White 3rd moves.} Ne5 9. Be2 O-O 10. Bf4 $5 $146 {[%emt 0:00:00][%mdl 8] The position is equal. An interesting novelty.} (10. O-O Be6 11. b3 Nxf3+ 12. Bxf3 d5 13. Rfe1 c6 14. a4 Re8 15. Bd4 Bg5 16. Be3 {½-½ Anton Guijarro,D (2639)-Li,C (2751) Gibraltar Masters 14th 2016 (8)}) 10... Nxf3+ 11. Bxf3 Be6 12. O-O-O (12. Bxb7 Rb8 13. Bf3 Rxb2 $15) 12... Rb8 13. Kb1 Qd7 14. h4 b5 15. h5 h6 {[%emt 0:00:00] [#]} 16. g4 $1 b4 (16... Bxg4 17. Bxg4 Qxg4 18. Bxh6 (18. Rdg1 Qf5 $18) 18... gxh6 19. Rdg1 $18) 17. c4 (17. cxb4 Qa4 18. a3 a5 $17) 17... Bxc4 (17... Bxg4 $2 18. Bxg4 Qxg4 19. Rdg1 $18) 18. b3 $1 Be6 19. g5 {[%emt 0:00:00] Dodges Bf6} (19. Bxh6 Bf6 20. Bg5 Bc3 21. Qd3) 19... Bxg5 20. Bxg5 hxg5 21. h6 {[%emt 0:00:00] [#]} Rb5 (21... g6 $1 $15) 22. hxg7 $14 Kxg7 23. Be4 Rg8 (23... Kf6 $1 $11) 24. f4 $40 {[%emt 0:00:00][%mdl 128] and Rdg1 would now be decisive White mounts an attack. White is more active.} (24. Rde1 {is more complex.} Kf6 25. Bh7 Rf8 26. Bd3) 24... Kf8 25. Bd3 Rc5 26. Qxb4 Bf5 27. fxg5 {[%emt 0:00:40][%cal Og5g6] With the idea g6!.} a5 28. Qb7 (28. Qh4 {simplifies} Bxd3 29. Rxd3 Rgxg5 30. Rf3) 28... Kg7 {[%emt 0:01:07] Dodges g6} (28... Qc8 $11 29. Qg2 Bxd3 30. cxd3 (30. Rxd3 Rcxg5 31. Qh2 Qe6 $14) 30... Rcxg5) 29. Qg2 $16 Re5 (29... Bxd3 $16 30. Rxd3 Qe6) 30. Qh2 {[%emt 0:04:41][%csl Gg5,Gh1][%cal Rh2h6] White attacks} (30. Qf3 $6 Bxd3 31. Qxd3 (31. Rxd3 Qe6 $15) 31... Kf8 $16) 30... Qe6 {[%emt 0:00:02] This costs Black the game.} (30... Kf8 $16 {is tougher.}) 31. g6 fxg6 (31... Bxd3 32. Qh6+ (32. cxd3 Kf8 $16) (32. Rxd3 Re1+ 33. Rd1 Rxd1+ 34. Rxd1 Rh8 $18) 32... Kf6) 32. Bxf5 $18 (32. Qh7+ Kf6 33. Bxf5 (33. Qxc7 Rc8 $16) 33... Rxf5 34. Qxc7 Rc8 $18) 32... Rxf5 33. Rde1 ({Less strong is} 33. Qh7+ Kf6 $16) 33... Qf7 34. Qh6+ Kf6 35. Rhf1 {[%emt 0:00:34] White threatens Rxf5+ and mate.} Qd5 36. Qh4+ g5 37. Qh6+ {[%emt 0:00:35] Weighted Error Value: White=0.21 (precise) /Black=0.98  Loses game:     	---       	Black=1      Mistake:       	---       	Black=5      Inaccurate:     	White=5     	Black=2      OK:         	White=13    	Black=7      Best:        	---       	Black=1      Strong:       	White=1     	---} 1-0

[Event "AUT Bundesliga 2024-25"]
[Site "Austria"]
[Date "2025.04.04"]
[Round "9.23"]
[White "Schreiner, Peter"]
[Black "Perunovic, Milos"]
[Result "1/2-1/2"]
[Annotator "TA"]
[ECO "A30"]
[WhiteElo "2425"]
[BlackElo "2501"]
[PlyCount "77"]
[EventDate "2024.08.28"]
[EventType "team-tourn"]
[EventCountry "AUT"]
[SourceTitle "playchess.com"]
[Source "ChessBase"]
[SourceQuality "1"]
[TimeControl "40/5400+30:1800+30"]

1. Nf3 Nf6 2. g3 c5 3. Bg2 Nc6 4. c4 d5 5. cxd5 Nxd5 6. d4 cxd4 7. Nxd4 Ndb4 8. Nxc6 Qxd1+ 9. Kxd1 Nxc6 10. Nc3 {[%emt 0:04:00] Not much happening anymore A30: Symmetrical English: Double Fianchetto and Hedgehog.} Bd7 11. Be3 Rc8 12. Ke1 g6 13. f4 Bg7 14. Rc1 O-O 15. Kf2 e5 16. Rhd1 exf4 17. gxf4 Be6 18. Nd5 $146 (18. b3 Nb4 19. Bd4 b6 20. Bxg7 Kxg7 21. Rd4 Nc6 22. Rdd1 Nb4 23. Rd4 Nc6 24. Rdd1 Nb4 {½-½ Gelfand,B (2731)-Nepomniachtchi,I (2705) ACP Masters Gp-A rapid 2015 (2)}) 18... Rfe8 19. b4 {[%emt 0:03:42] Hoping for b5.} a6 20. a4 {[%emt 0:03:32] White is more active.} Bb2 {[%emt 0:07:45][%cal Oe6d5] [#] aiming for ...Bxd5!.} 21. Rc2 Bxd5 22. Bf3 $2 (22. Bxd5 $16 Bf6 23. Bxc6 Rxc6 24. Rxc6 bxc6 25. Rc1) 22... Be4 $2 (22... Nxb4 23. Rxc8 Rxc8 24. Bxd5 $17) (22... Bb3 $19 23. Rxb2 Bxd1) 23. Bxe4 (23. Rxb2 $11 Bxf3 24. Kxf3) 23... Bd4 $2 {[%emt 0:08:19][%mdl 8192] [#]} (23... Nxb4 $6 24. Rxc8 (24. Rxb2 Rxe4 25. Rd7 Rce8 $15) 24... Rxc8 25. Bxb7 $16) (23... Rxe4 $15 {keeps the upper hand.} 24. Rxb2 Nxb4 (24... Rxb4 25. Rxb4 Nxb4 26. Rd6 $15)) 24. Bd5 $4 Bf6 $2 (24... Rxe3 25. Rxd4 $14) (24... Nxb4 25. Rxc8 Bxe3+ 26. Kf3 Rxc8 27. Kxe3 $17) (24... Bxe3+ $19 25. Kg3 Nxb4 26. Rxc8 Rxc8 27. Bxb7 Rc3) 25. Rdc1 Rb8 26. Bxc6 bxc6 27. Rxc6 Bh4+ 28. Kf3 Rxb4 29. Rc8 $1 (29. Rxa6 $2 Rb3 30. Kg4 Bd8 $19 (30... Rexe3 $2 31. Kxh4 h6 32. Rc5 $19)) 29... Bd8 ({Black should try} 29... Rb8 $14 30. Rxe8+ Rxe8) 30. Rd1 $2 ({White should try} 30. Bc5 $18 Rxa4 31. Rd1 Rxf4+ 32. Kxf4 Bg5+ 33. Kxg5 Rxc8 34. Kh6) 30... Rbe4 $11 31. Bf2 Ba5 32. Rxe8+ Rxe8 {[%emt 0:00:01][%mdl 4096] Endgame KRB-KRB} 33. Rd6 Ra8 34. Bc5 Be1 35. Bb6 Bb4 36. Rd4 a5 37. Rd8+ Rxd8 38. Bxd8 f5 39. e4 {[%emt 0:00:26] Weighted Error Value: White=0.59/Black=0.74  Loses game:     	White=1     	Black=1      Missed win:     	White=2     	Black=2      Mistake:       	White=1     	Black=1      Inaccurate:     	White=2     	Black=3      OK:         	White=11    	Black=10     Best:        	White=1     	Black=2      Strong:       	White=1     	---} 1/2-1/2